Map: Blackpink LE

Players

Starbuck

  • Race: Zerg Zerg
  • League: Grandmaster
  • Spawn Location: 1:00

Serral - Winner!

  • Race: Zerg Zerg
  • League: Grandmaster
  • Spawn Location: 7:00

Event: WESG Barcelona European Finals 2017

VOD

Have the link to the VOD?

Description

Time

  • Played on: Nov. 24, 2017, 9:44 a.m.
  • Length: 17:23

All games in this series

Show
View Real Time Build Order
Export as new Build Order

Starbuck Zerg 

Build Orders: Hatch First 

Get SALT Encoding   

  12  0:00  Drone  
  13  0:12  Overlord  
  13  0:17  Drone  
  14  0:30  Drone x2  
  14  0:34  Drone  
  17  0:52  Hatchery  
  17  0:54  Drone  
  17  0:57  Drone  
  18  1:10  Spawning Pool  
  17  1:14  Drone  
  17  1:18  Drone  
  19  1:27  Overlord  
  19  1:57  Zergling x4, Queen  
  19  2:00  Zergling x2  
  24  2:03  Queen  
  24  2:04  Zergling x2  
  27  2:11  Drone  
  28  2:16  Drone  
  28  2:22  Drone  
  30  2:26  Drone  
  31  2:32  Queen  
  31  2:33  Overlord  
  31  2:36  Drone  
  34  2:39  Queen  
  36  2:54  Drone x3  
  37  3:00  Drone  
  37  3:06  Drone x3, Extractor  
  37  3:07  Extractor x2  
  37  3:09  Drone  
  37  3:11  Drone x3  
  40  3:18  Drone  
  41  3:21  Overlord  
  41  3:25  Roach Warren  
  40  3:28  Evolution Chamber  
  40  3:32  Evolution Chamber  
  39  3:34  Drone x2  
  39  3:39  Overlord  
  40  3:41  Drone x2  
  40  3:43  Drone x2  
  44  3:49  Drone x3  
  44  3:52  Drone  
  48  3:58  Lair  
  48  4:01  Drone  
  49  4:04  Zerg Missile Weapons Level 1  
  49  4:07  Zergling x4  
  51  4:12  Zergling x2  
  51  4:16  Overlord x2  
  51  4:17  Zergling x4  
  54  4:18  Drone  
  54  4:24  Zerg Ground Armor Level 1  
  55  4:27  Drone x2  
  57  4:41  Hatchery  
  56  4:55  Glial Reconstitution  
  56  4:56  Roach  
  56  4:57  Roach x6  
  70  5:01  Overlord  
  70  5:03  Roach  
  72  5:08  Overlord  
  72  5:09  Drone x2  
  74  5:17  Drone  
  74  5:18  Drone  
  74  5:20  Extractor  
  75  5:23  Drone  
  75  5:24  Drone x2  
  75  5:25  Drone x4  
  82  5:39  Overlord  
  82  5:44  Drone, Overlord  
  82  5:46  Roach x3  
  82  5:47  Overseer  
  89  5:50  Overseer  
  89  5:52  Roach  
  89  5:53  Roach x2  
  95  5:57  Roach x2  
  95  6:01  Zerg Missile Weapons Level 2  
  95  6:03  Roach  
  101  6:06  Roach  
  101  6:07  Roach  
  105  6:13  Roach x2  
  105  6:16  Overlord  
  105  6:17  Roach  
  111  6:24  Overlord  
  111  6:26  Roach  
  113  6:34  Overlord x2  
  113  6:36  Roach x4  
  113  6:38  Overlord  
  121  6:42  Roach x2  
  121  6:44  Roach x2  
  129  6:53  Roach x3  
  135  7:01  Roach x4  
  143  7:03  Extractor x2  
  143  7:09  Roach x3  
  143  7:10  Roach x2  
  143  7:11  Overlord  
  129  7:30  Roach  
  129  7:31  Roach x8  
  147  7:42  Roach x6  
  155  7:52  Roach x4  
  155  7:53  Roach x2  
  155  7:57  Roach  
  155  7:58  Roach x2  
  157  8:05  Roach x3  
  153  8:10  Roach x3  
  159  8:16  Roach  
  159  8:17  Overlord x2  
  161  8:26  Roach x4  
  161  8:27  Roach  
  141  8:35  Roach x4  
  141  8:40  Roach  
  135  8:44  Roach x3  
  135  8:45  Roach x2  
  135  8:46  Roach  
  135  8:48  Roach  
  131  8:50  Roach  
  131  8:53  Roach  
  127  8:58  Roach x2  
  127  8:59  Roach  
  127  9:00  Roach  
  127  9:01  Roach  
  131  9:06  Roach x2  
  131  9:08  Roach  
  131  9:17  Roach  
  131  9:18  Roach x4  
  141  9:25  Roach  
  143  9:35  Roach x3  
  143  9:37  Roach x2  
  142  9:38  Roach  
  142  9:39  Roach x2  
  142  9:42  Roach  
  146  9:45  Roach  
  146  9:48  Roach  
  146  9:49  Roach  
  146  9:51  Roach  
  138  9:54  Roach  
  138  9:56  Roach  
  138  9:58  Roach  
  132  10:00  Roach  
  132  10:04  Roach x2  
  120  10:08  Roach  
  120  10:09  Roach  
  120  10:12  Roach  
  120  10:15  Roach  
  120  10:20  Roach  
  114  10:24  Roach x2  
  114  10:25  Roach x2  
  110  10:30  Roach  
  110  10:31  Roach  
  110  10:34  Roach  
  110  10:35  Roach, Extractor  
  113  10:36  Extractor  
  112  10:48  Drone  
  112  10:49  Drone x2  
  115  10:52  Hatchery  
  115  10:54  Roach x3  
  115  10:55  Roach x4  
  128  10:58  Roach  
  128  10:59  Overseer  
  128  11:02  Roach x2  
  134  11:04  Roach  
  134  11:05  Roach x2  
  140  11:13  Roach x2  
  144  11:22  Roach  
  144  11:23  Roach x6  
  158  11:29  Ravager  
  159  11:33  Ravager  
  159  11:37  Roach x3  
  159  11:38  Roach  
  168  11:42  Roach  
  168  11:44  Extractor  
  168  11:45  Overlord  
  169  11:52  Overlord x2  
  169  12:02  Overlord  
  169  12:04  Infestation Pit  
  169  12:05  Roach x3  
  169  12:06  Roach  
  176  12:09  Overlord  
  176  12:13  Roach x2  
  180  12:19  Zerg Ground Armor Level 2  
  180  12:24  Ravager  
  180  12:25  Ravager  
  180  12:26  Roach x2  
  186  12:31  Roach x2  
  186  12:34  Ravager  
  186  12:35  Roach  
  193  12:40  Roach x2  
  197  12:49  Pathogen Glands  
  197  12:52  Extractor  
  197  12:56  Drone x3  
  199  13:01  Burrow  
  194  13:20  Infestor x2  
  194  13:21  Infestor  
  194  13:25  Overseer  
  200  13:52  Hydralisk Den, Infestor x2  
  195  13:57  Ravager x5  
  195  13:58  Ravager x2  
  189  15:03  Hydralisk x6  
  189  15:04  Hydralisk  
  189  15:06  Drone x3  
  200  15:11  Drone x3  
  200  15:14  Hive  
  200  15:15  Muscular Augments  
  197  15:27  Hydralisk  
  197  15:28  Hydralisk x2  
  196  15:42  Hydralisk x2  
  198  15:43  Lurker Den  
  195  15:52  Hydralisk x2  
  175  16:09  Hydralisk x12  
  175  16:17  Roach  
  155  16:23  Roach x3  
  155  16:25  Roach x15  
  159  16:41  Infestor x2  
Show
View Real Time Build Order
Export as new Build Order

Serral Zerg - Winner!

Build Orders: Hatch First 

Get SALT Encoding   

  12  0:00  Drone  
  13  0:12  Overlord  
  13  0:16  Drone  
  14  0:30  Drone  
  14  0:31  Drone  
  14  0:35  Drone  
  17  0:52  Hatchery  
  17  0:55  Drone  
  17  0:58  Drone  
  17  1:03  Extractor  
  17  1:13  Spawning Pool  
  17  1:15  Drone  
  17  1:18  Drone  
  18  1:28  Drone  
  19  1:38  Overlord  
  19  1:50  Drone  
  20  1:59  Queen  
  20  2:00  Zergling x2  
  23  2:02  Metabolic Boost  
  23  2:03  Queen  
  23  2:06  Zergling x2  
  26  2:12  Drone  
  26  2:15  Drone  
  28  2:21  Drone  
  29  2:25  Zergling x2  
  30  2:32  Zergling x2, Baneling Nest  
  30  2:41  Zergling x2  
  31  2:53  Drone  
  30  2:59  Zergling x2  
  30  3:00  Drone x2  
  30  3:02  Hatchery  
  31  3:07  Overlord  
  31  3:09  Drone x3  
  35  3:13  Drone  
  35  3:16  Evolution Chamber  
  35  3:20  Overlord  
  35  3:22  Drone  
  35  3:26  Drone  
  38  3:27  Drone  
  38  3:29  Drone  
  38  3:31  Drone  
  40  3:39  Drone  
  40  3:40  Drone x2  
  43  3:43  Drone  
  43  3:44  Drone x2  
  43  3:48  Zerg Missile Weapons Level 1  
  46  3:54  Roach Warren  
  45  3:58  Extractor  
  45  4:00  Drone x3  
  46  4:04  Overlord  
  46  4:05  Extractor  
  45  4:10  Drone  
  45  4:11  Drone  
  45  4:16  Overlord  
  47  4:19  Lair  
  47  4:32  Drone  
  47  4:35  Roach x6  
  47  4:38  Roach  
  62  4:45  Queen  
  62  4:47  Overlord  
  62  4:49  Roach  
  66  4:53  Roach x2  
  66  4:59  Overlord  
  70  5:00  Overlord  
  70  5:07  Evolution Chamber  
  70  5:08  Drone  
  70  5:11  Drone x3  
  70  5:12  Roach x2  
  77  5:17  Overseer, Glial Reconstitution  
  77  5:19  Drone  
  77  5:21  Drone  
  79  5:22  Drone  
  79  5:25  Drone x2  
  81  5:30  Overlord  
  81  5:31  Roach  
  81  5:34  Drone x2  
  85  5:37  Roach  
  86  5:43  Zerg Missile Weapons Level 2  
  86  5:49  Zerg Ground Armor Level 1  
  86  5:51  Drone x2  
  86  5:52  Roach  
  86  5:55  Extractor  
  86  5:56  Roach x2  
  93  5:57  Extractor  
  93  5:58  Drone x3  
  93  6:00  Overlord  
  97  6:04  Roach  
  97  6:06  Roach  
  103  6:11  Roach x2  
  103  6:15  Overlord  
  103  6:18  Roach  
  106  6:19  Overlord x2  
  106  6:23  Overlord  
  106  6:24  Roach x2  
  110  6:26  Ravager  
  110  6:29  Roach  
  113  6:35  Drone x3  
  113  6:36  Extractor  
  113  6:39  Roach x4  
  123  6:44  Roach x2  
  123  6:45  Roach  
  129  6:50  Overlord  
  129  6:51  Roach  
  129  6:52  Roach  
  133  6:56  Overlord  
  133  6:58  Roach x2  
  137  7:06  Overlord  
  137  7:08  Overseer  
  137  7:16  Overlord x2  
  137  7:19  Roach x4  
  139  7:26  Roach x7  
  136  7:31  Roach  
  136  7:32  Roach x2  
  136  7:36  Roach  
  136  7:37  Roach x2  
  144  7:41  Roach x2  
  148  7:51  Roach x2  
  148  7:55  Roach x2  
  126  8:03  Roach x2  
  122  8:08  Roach  
  122  8:09  Roach x4  
  122  8:11  Roach x2  
  136  8:16  Ravager  
  136  8:18  Ravager  
  136  8:19  Roach  
  140  8:24  Roach  
  132  8:28  Roach  
  118  8:35  Roach x4  
  118  8:36  Queen  
  118  8:37  Queen x2  
  118  8:40  Roach  
  118  8:41  Roach x3  
  128  8:46  Roach x2  
  118  8:49  Roach x3  
  118  8:51  Roach  
  113  9:02  Roach x3  
  109  9:10  Roach x2  
  109  9:12  Ravager x3  
  109  9:15  Roach x3  
  109  9:16  Roach  
  126  9:24  Roach x3  
  130  9:35  Roach x3  
  117  9:40  Roach  
  117  9:41  Roach  
  117  9:45  Roach x6  
  122  9:46  Roach  
  122  9:52  Roach x3  
  118  9:53  Roach x2  
  118  9:59  Roach  
  104  10:05  Roach x2  
  89  10:09  Queen  
  89  10:12  Roach  
  92  10:18  Roach x2  
  94  10:25  Roach x3  
  94  10:32  Ravager  
  94  10:33  Drone  
  96  10:39  Roach x2  
  96  10:40  Queen  
  96  10:41  Roach  
  104  10:45  Ravager x2  
  104  10:47  Ravager  
  107  10:52  Roach x2  
  107  10:53  Roach  
  113  10:59  Ravager  
  113  11:02  Drone  
  113  11:03  Roach  
  119  11:04  Roach  
  119  11:08  Roach x2  
  123  11:20  Drone x2  
  123  11:24  Roach  
  127  11:28  Roach x3  
  127  11:31  Ravager  
  134  11:38  Drone x2  
  136  11:41  Roach x2  
  140  11:50  Roach x2  
  140  11:51  Roach  
  140  11:53  Overlord  
  146  11:55  Hatchery  
  146  11:57  Hatchery  
  146  12:00  Ravager x3  
  148  12:06  Drone x2  
  148  12:07  Roach x2  
  154  12:14  Overlord x2  
  154  12:19  Roach  
  154  12:20  Roach  
  158  12:28  Hydralisk Den  
  157  12:33  Roach x4  
  165  12:39  Unknown  
  165  12:41  Roach x3  
  171  12:49  Overlord  
  171  12:50  Roach  
  173  12:55  Overlord  
  173  13:00  Overlord  
  173  13:04  Roach x3  
  179  13:06  Ravager x2  
  181  13:14  Drone  
  181  13:15  Roach x2  
  186  13:21  Ravager x2  
  186  13:22  Ravager  
  186  13:24  Ravager  
  186  13:25  Roach x3  
  196  13:30  Drone  
  197  13:36  Roach  
  195  13:49  Drone  
  195  13:51  Muscular Augments  
  195  13:52  Drone  
  195  13:53  Drone x3  
  195  13:54  Drone x2  
  200  13:59  Zerg Ground Armor Level 2  
  200  14:06  Overseer  
  200  14:11  Unknown  
  200  14:13  Unknown  
  200  14:30  Overseer  
  198  15:09  Burrow  
  196  15:15  Hydralisk x3  
  194  15:39  Hydralisk  
  194  15:40  Hydralisk x2  
  200  15:46  Unknown x2  
  183  16:07  Roach  
  183  16:08  Roach x14  
  183  16:09  Overlord  
  171  16:12  Roach x6  
  171  16:13  Roach x7  
  171  16:16  Roach x6  
  168  16:23  Roach x4  
  168  16:24  Queen x2  
  173  16:28  Roach x2  
  173  16:30  Overseer  
  177  16:33  Overseer  
  177  16:37  Hydralisk, Ravager x5  
  184  16:45  Extractor, Overlord x2  
  148  17:03  Roach x13  
Tags
 
Add a new tag
Caveats
  • Supply blocks, unpowered buildings, or Contaminate may cause inaccurate times.
  • Supply counts are checked every 10 seconds.